 Dungeon Crawl Stone Soup version 0.27.1-3-gb3d3a73c9e (webtiles) character file.

Game seed: 14031296990400129966

237 sanka the Chopper (level 5, -6/43 HPs)
             Began as a Palentonga Fighter on Oct 10, 2021.
             Mangled by an iguana (10 damage)
             ... on level 4 of the Dungeon.
             The game lasted 00:04:37 (4450 turns).

sanka the Chopper (Palentonga Fighter)              Turns: 4450, Time: 00:04:38

Health: -6/43      AC:  6    Str: 19    XL:     5   Next: 77%
Magic:  5/5        EV:  7    Int:  9    God:
Gold:   272        SH:  6    Dex: 10    Spells: 4/4 levels left

rFire    . . .     SeeInvis +   a - +0 war axe
rCold    . . .     Faith    .   o - +2 buckler
rNeg     . . .     Spirit   .   b - +0 scale mail
rPois    .         Reflect  .   (no helmet)
rElec    .         Harm     .   (no cloak)
rCorr    .         Rampage  .   (no gloves)
Will     .....                  (no barding)
Stlth    ..........             (no amulet)
HPRegen  0.14/turn              (no ring)
MPRegen  0.09/turn              (no ring)

@: no status effects
A: large, rugged brown scales 3, see invisible, deformed body, roll 1, armoured
tail
a: Rolling Charge


You were on level 4 of the Dungeon.
You visited 1 branch of the dungeon, and saw 4 of its levels.

You collected 272 gold pieces.


Innate Abilities, Weirdness & Mutations

You are completely covered in rugged brown scales. (AC +3, +7% HP)
You have supernaturally acute eyesight. (SInv)
Armour fits poorly on your strangely shaped body.
You can roll at nearby foes to attack.
You have a long armoured tail.


   Skills:
 - Level 3.4 Fighting
 + Level 5.8 Axes
 - Level 2.4 Armour
 - Level 2.4 Shields


You had 4 spell levels left.
You didn't know any spells.
Your spell library contained the following spells:

 Spells                   Type           Power      Damage    Failure   Level
 Magic Dart               Conj           0%         1d3       77%         1
 Call Imp                 Summ           0%         N/A       88%         2
 Mephitic Cloud           Conj/Pois/Air  0%         N/A       98%         3

Inventory:

Hand Weapons
 a - a +0 war axe (weapon)
Armour
 b - a +0 scale mail (worn)
 c - a +0 kite shield
 o - a +2 buckler (worn)
Magical Staves
 j - a staff of air
Scrolls
 e - 4 scrolls of identify {unknown}
 g - a scroll of blinking {unknown}
 h - 2 scrolls of enchant armour {unknown}
 i - 2 scrolls of amnesia {unknown}
 k - a scroll of fear {unknown}
 l - a scroll of brand weapon {unknown}
 m - a scroll of magic mapping {unknown}
 n - a scroll of teleportation {unknown}
 p - a scroll of acquirement {unknown}
 q - a scroll of fog {unknown}
Potions
 d - 2 potions of might
 f - a potion of brilliance {unknown}

Dungeon Overview and Level Annotations

Branches:
Dungeon (4/15)
 Temple: D:4-7

Altars:
Sif Muna

Shops:
D:4

( ..............▒.▒...▒.▒
▒........ .....▒▒▒......▒.▒.▒.▒.▒
▒........ .....▒▒▒.▒▒...▒.▒.▒.▒.▒
▒........ .....▒▒...▒...▒.▒(▒.▒.▒
▒▒▒▒..... ........_.......▒.▒.▒.▒
▒.....
......▒...▒▒....▒.▒.▒.▒▒▒▒▒▒.....
▒▒▒...▒▒.▒▒▒..▒.......(.....▒▒▒▒.
▒......▒▒▒.....Z..)....... ..
▒▒▒.............Hl.......... ▒▒
...................)).......
............................
........▒...................
........▒.)<.<..............
........▒...................
▒▒▒▒▒▒▒.....................
▒▒.......▒............
▒..▒▒.▒▒▒▒▒▒▒▒


You could see an iguana and a water moccasin skeleton.


Message History

The water moccasin skeleton bites you.
* * * LOW HITPOINT WARNING * * *
The iguana bites you!
* * * LOW HITPOINT WARNING * * *
The gnoll hits you but does no damage. You block the gnoll's attack.
You block the water moccasin skeleton's attack.
You slash the gnoll!
You kill the gnoll!
You slash the water moccasin skeleton! You barely miss the iguana.
You barely miss the gnoll.
The iguana bites you but does no damage.
The water moccasin skeleton bites you.
* * * LOW HITPOINT WARNING * * *
The gnoll hits you with a +0 club.
* * * LOW HITPOINT WARNING * * *
Unknown command.
You slash the gnoll!
You kill the gnoll!
You barely miss the water moccasin skeleton.
You slash the iguana!
The water moccasin skeleton bites you but does no damage.
The iguana completely misses you.
Unknown command.
The water moccasin skeleton bites you.
* * * LOW HITPOINT WARNING * * *
The water moccasin skeleton bites you but does no damage.
The iguana bites you!
You die...

Action                   |  1- 3 |  4- 6 || total
-------------------------+-------+-------++-------
Melee: War axe           |   150 |    99 ||   249
       Tailslap          |    19 |    10 ||    29
 Abil: Rolling Charge    |       |     5 ||     5
Armor: Scale mail        |    61 |    47 ||   108
Dodge: Dodged            |    26 |    18 ||    44
Block: Kite shield       |    64 |    34 ||    98
       Buckler           |       |    17 ||    17

Levels and vault maps discovered:
D:1:      dpeg_arrival_subterranean_lakeside_camping, layout_basic,
          wad_woods_river_04, minmay_misc_feat_rows, amethyst_killhole
D:2:      layout_loops_cross, shapermc_ecumenical_altar_starsandcircs,
          kennysheep_decorative_pillar
D:3:      layout_loops_ring
D:4:      layout_basic, nicolae_overflow_crystal_walls, serial_shops,
          nicolae_square_shop

Notes
Turn   | Place    | Note
-------+----------+-------------------------------------------
     0 | D:1      | sanka the Palentonga Fighter began the quest for the Orb.
     0 | D:1      | Reached XP level 1. HP: 19/19 MP: 1/1
   113 | D:1      | Reached XP level 2. HP: 24/25 MP: 2/2
   693 | D:1      | Reached skill level 3 in Axes
  1355 | D:2      | Reached XP level 3. HP: 28/31 MP: 3/3
  1537 | D:2      | Found a faded altar of an unknown god.
  2417 | D:3      | Reached skill level 4 in Axes
  2417 | D:3      | Reached XP level 4. HP: 33/37 MP: 4/4
  3869 | D:4      | Noticed a scorpion
  3879 | D:4      | Killed a scorpion
  3880 | D:4      | Reached skill level 5 in Axes
  3880 | D:4      | Reached XP level 5. HP: 22/43 MP: 5/5
  4111 | D:4      | Noticed a black bear
  4286 | D:4      | Found Dahemm's Antique Weapon Boutique.
  4417 | D:4      | Found a shimmering blue altar of Sif Muna.
  4447 | D:4      | HP: 3/43 [water moccasin skeleton (4)]
  4450 | D:4      | Mangled by an iguana

Vanquished Creatures
  A scorpion (D:4)
  4 gnolls (D:4)
  6 adders
  An adder skeleton (D:4)
  2 worms (D:3)
  A dart slug (D:4)
  2 orcs (D:3)
  6 bats
  6 endoplasms
  3 giant cockroaches
  6 goblins
  5 hobgoblins
  3 jackals (D:2)
  3 quokkas
  8 ball pythons
  6 frilled lizards
  6 kobolds
  6 rats
75 creatures vanquished.

Vanquished Creatures (others)
  16 plants (D:1)
16 creatures vanquished.

Grand Total: 91 creatures vanquished
